 Dungeon Crawl Stone Soup version 0.32-a0-675-gdc239d62e1 (webtiles) character file.

Game seed: 8803694657102119998

40 Zeldest the Chopper (level 3, 0/28 HPs)
             Began as a Coglin Gladiator on Mar 12, 2024.
             Succumbed to an adder's poison
             ... on level 2 of the Dungeon.
             The game lasted 00:00:59 (1062 turns).

Zeldest the Chopper (Coglin Gladiator)              Turns: 1062, Time: 00:00:59

Health: 0/28       AC:  4    Str: 16    XL:     3   Next: 50%
Magic:  3/3        EV: 12    Int:  7    God:
Gold:   85         SH:  0    Dex: 15    Spells: 2/2 levels left

rFire   . . .        a - +0 war axe {Balvinder}
rCold   . . .        l - +0 hand axe {Ming}
rNeg    . . .        b - +0 leather armour
rPois   .            c - +0 helmet
rElec   .            (no cloak)
rCorr   .            (no gloves)
SInv    .            (no boots)
Will    .....        (amulet unavailable)
Stlth   +            (ring unavailable)
HPRegen 0.24/turn    (ring unavailable)
MPRegen 0.08/turn    (no gizmo)

%: no passive effects
@: mighty, lethally poisoned (0 -> -5), revved
A: off-hand wielding, slow wielding, warmup strikes, no jewellery
a: Invent Gizmo


You were on level 2 of the Dungeon.
You visited 1 branch of the dungeon, and saw 2 of its levels.

You collected 85 gold pieces.

Inventory:

Hand Weapons
 a - a +0 war axe (weapon) {Balvinder}
 l - a +0 hand axe (offhand) {Ming}
Missiles
 d - 3 throwing nets (quivered)
 e - a javelin
Armour
 b - a +0 leather armour (worn)
 c - a +0 helmet (worn)
Scrolls
 h - a scroll of blinking {unknown}
 i - a scroll of immolation {unknown}
 j - a scroll of noise {unknown}
Potions
 k - a potion of heal wounds {unknown}


   Skills:
 + Level 2.4 Fighting
 * Level 3.6 Axes
 - Level 1.7 Throwing
 + Level 1.0 Armour
 + Level 3.0 Dodging


You had 2 spell levels left.
You didn't know any spells.
Your spell library was empty.

Dungeon Overview and Level Annotations

Branches:
Dungeon (2/15) Zot: 10924

Altars:


Innate Abilities, Weirdness & Mutations

You can wield a second weapon in your off-hand.
It takes a long time for you to wield or remove held weapons.
Your first few attacks do less damage.
You cannot equip rings or amulets.


Message History

You are too injured to fight recklessly!
An adder is nearby!
You are too injured to fight recklessly!
You are too injured to fight recklessly!
You miss the adder with your +0 war axe.
The adder is moderately wounded.
You closely miss the adder with your +0 hand axe.
You feel sick. The adder bites you.
You are more poisoned.
The adder poisons you! The adder bites you but does no damage.
You miss the adder with your +0 war axe.
The adder is moderately wounded.
You hit the adder but do no damage.
You feel very sick. The adder bites you.
You are lethally poisoned!
The adder poisons you!
You hit the adder with your +0 hand axe.
The adder is moderately wounded.
You hit the adder but do no damage.
* * * LOW HITPOINT WARNING * * *
You feel very sick. The adder bites you.
* * * LOW HITPOINT WARNING * * *
The adder closely misses you.
You miss the adder with your +0 hand axe.
The adder is moderately wounded.
You hit the adder but do no damage.
* * * LOW HITPOINT WARNING * * *
You feel very sick. The adder barely misses you.
You hit the adder with your +0 hand axe.
The adder is almost dead.
You barely miss the adder with your +0 war axe.
* * * LOW HITPOINT WARNING * * *
You feel sick. The adder bites you but does no damage. The adder bites you.
* * * LOW HITPOINT WARNING * * *
It was a potion of might.
You feel very mighty all of a sudden.
You die...

...#....#.......#
...#.##.#.......#
................#
.....#.##.).....#
#.#.....#.......#
#.##.#..#.......#
#.#..#....#######
#S#.##.##.#######
#@#.#..##.†.....#
#)#.#.#########.#
#...#.# #..#..#
#..†.##
.......#..#
......###.#
...... ### ......


You could see an adder.

Vanquished Creatures
  An adder (D:2)
  A ribbon worm (D:2)
  3 endoplasms (D:1)
  2 giant cockroaches (D:1)
  6 goblins
  2 hobgoblins
  A quokka (D:1)
  A ball python (D:1)
  2 bats (D:1)
  A frilled lizard (D:1)
  A kobold (D:1)
  7 rats
28 creatures vanquished.

Notes
Turn   | Place    | Note
-------+----------+-------------------------------------------
     0 | D:1      | Zeldest the Coglin Gladiator began the quest for the Orb.
     0 | D:1      | Reached XP level 1. HP: 16/16 MP: 1/1
   116 | D:1      | Reached XP level 2. HP: 6/22 MP: 2/2
   947 | D:2      | Reached XP level 3. HP: 27/27 MP: 3/3
  1048 | D:2      | Reached skill level 1 in Armour
  1061 | D:2      | HP: 1/28 [adder (2)]
  1062 | D:2      | Succumbed to an adder's poison

Illustrated notes

Levels and vault maps discovered:
D:1:      matt_arrival_spirals, layout_loops_ring, serial_aquarium,
          aquarium_bridge_island_large [aquarium_subvault_large_open,
          aquarium_subvault_balcony, aquarium_subvault_wall,
          aquarium_subvault_bridge, aquarium_subvault_bridge],
          aquarium_window_1, aquarium_window_1, aquarium_window_1,
          aquarium_view_2e, aquarium_view_2f, aquarium_pool_2
D:2:      wad_river_or_something, layout_rooms, minivault_23,
          lexackson_kobold_supper

Skill      XL: |  1  2  3 |
---------------+----------+-----
Armour         | 1 |  1.0
Dodging        | 3 |  3.0
Fighting       | |  2.4
Axes           | |  3.6
Throwing       | |  1.7

Action                     || total
---------------------------++-------
  Melee: War axe           ||    58
         Dagger            ||    31
         Hand axe          ||    10
    Use: Potion            ||     1
 Armour: Leather armour    ||    48
  Dodge: Dodged            ||    45

Table legend: (Time is in decaauts)
 A = Elapsed time spent in this place.
 B = Non-inter-level travel time spent in this place.
 C = Inter-level travel time spent in this place.
 D = Time resting spent in this place.
 E = Time spent auto-exploring this place.
 F = Levels seen in this place.
 G = Mean time per level.
                   A        B        C        D        E       F      G
               +--------+--------+--------+--------+--------+-----+--------+
         Total |   1075 |   1047 |     28 |    125 |    731 |   2 |  537.5 |
       Dungeon |   1075 |   1047 |     28 |    125 |    731 |   2 |  537.5 |
               +--------+--------+--------+--------+--------+-----+--------+

Top non-repeatable levels by time:
     D:1: 923 daAuts
     D:2: 152 daAuts
